Map: Ascension to Aiur LE

Players

Vivid

  • Race: Zerg Zerg
  • League: Grandmaster
  • Spawn Location: 5:00

VOJ - Winner!

  • Race: Zerg Zerg
  • League: Master
  • Spawn Location: 11:00

VOD

Have the link to the VOD?

Description

Time

  • Played on: Jan. 5, 2018, 7:35 p.m.
  • Length: 17:26
Show
View Real Time Build Order
Export as new Build Order

Vivid Zerg 

Build Orders: Hatch First 

Get SALT Encoding   

  12  0:00  Drone  
  13  0:12  Overlord  
  13  0:18  Drone  
  14  0:30  Drone x2  
  16  0:35  Drone  
  17  0:53  Hatchery  
  17  0:55  Drone  
  17  0:57  Drone  
  18  1:10  Extractor  
  17  1:14  Spawning Pool  
  17  1:16  Drone  
  17  1:19  Drone  
  18  1:27  Drone  
  19  1:38  Overlord  
  19  1:57  Drone  
  19  2:00  Queen  
  22  2:01  Zergling x2  
  22  2:05  Queen  
  22  2:07  Drone  
  26  2:10  Metabolic Boost  
  27  2:15  Drone  
  27  2:17  Drone  
  28  2:25  Drone  
  28  2:29  Zergling x2  
  30  2:34  Zergling x2  
  31  2:38  Zergling x2  
  32  2:45  Zergling x2  
  33  2:51  Overlord  
  32  3:07  Drone  
  32  3:09  Drone  
  32  3:10  Drone  
  35  3:13  Drone  
  35  3:14  Hatchery  
  35  3:18  Baneling Nest  
  34  3:20  Drone x3  
  34  3:21  Overlord  
  34  3:22  Zergling x4  
  39  3:31  Drone  
  40  3:43  Drone x2  
  42  3:55  Drone x3  
  45  3:56  Drone x4  
  45  3:59  Extractor  
  48  4:02  Roach Warren  
  48  4:03  Drone  
  48  4:04  Baneling  
  48  4:09  Extractor  
  47  4:10  Evolution Chamber  
  47  4:12  Baneling x2  
  47  4:16  Overlord  
  46  4:17  Lair  
  46  4:18  Drone x2  
  46  4:19  Drone x3  
  49  4:24  Zergling x2  
  49  4:25  Zergling x4  
  49  4:27  Zergling x2  
  49  4:28  Baneling x2  
  52  4:42  Zergling x8  
  52  4:52  Extractor  
  52  4:53  Zerg Missile Weapons Level 1  
  51  5:02  Drone x5  
  51  5:04  Drone x4  
  60  5:11  Queen, Baneling x2  
  62  5:14  Spine Crawler  
  62  5:19  Drone  
  62  5:21  Glial Reconstitution  
  62  5:25  Baneling  
  62  5:33  Drone x3  
  64  5:41  Baneling x3  
  58  5:46  Overlord x2  
  58  5:48  Drone  
  58  5:49  Drone x3  
  62  5:50  Drone x3  
  62  5:56  Overseer  
  65  5:59  Drone  
  65  6:00  Overlord  
  64  6:18  Overlord x2, Drone x5  
  69  6:20  Extractor x2  
  67  6:27  Unknown  
  67  6:28  Roach  
  67  6:29  Roach x6  
  80  6:33  Roach x3  
  87  6:49  Overlord  
  87  6:50  Roach x2  
  87  6:51  Overlord  
  87  6:53  Zerg Missile Weapons Level 2  
  91  6:55  Roach x7  
  91  6:56  Hatchery  
  91  7:00  Roach  
  106  7:03  Overlord  
  106  7:06  Extractor  
  105  7:10  Roach  
  105  7:11  Roach x3  
  113  7:17  Roach x3  
  113  7:18  Roach  
  121  7:23  Roach x3  
  121  7:24  Roach  
  121  7:25  Ravager  
  121  7:28  Baneling  
  121  7:29  Overlord  
  129  7:47  Hatchery  
  129  7:49  Roach  
  129  7:50  Roach x3  
  136  7:51  Overlord x2  
  136  7:55  Overseer  
  136  7:57  Hydralisk Den  
  135  7:59  Ravager x2  
  135  8:02  Overlord  
  135  8:04  Burrow, Tunneling Claws  
  137  8:06  Roach  
  137  8:09  Overlord x2, Roach  
  137  8:14  Drone x2  
  139  8:32  Overlord  
  139  8:33  Roach x7  
  151  8:43  Roach  
  149  8:51  Muscular Augments  
  149  8:54  Infestation Pit  
  149  8:55  Overseer  
  142  9:05  Hydralisk x6  
  142  9:06  Hydralisk x3  
  158  9:12  Zerg Ground Armor Level 1  
  158  9:13  Unknown x2  
  158  9:23  Roach x5  
  168  9:32  Hydralisk x4  
  176  9:42  Unknown  
  176  9:44  Queen  
  178  9:47  Overlord, Hydralisk x2  
  180  10:07  Overlord  
  180  10:09  Hive  
  180  10:13  Evolution Chamber, Spine Crawler  
  178  10:14  Spine Crawler  
  178  10:21  Overlord  
  177  10:25  Hydralisk x7  
  177  10:26  Spire  
  184  10:41  Extractor  
  184  10:42  Extractor  
  182  10:48  Roach x2  
  180  10:51  Zerg Melee Weapons Level 1  
  180  10:54  Infestor x2  
  184  11:03  Hatchery  
  183  11:11  Roach x3  
  183  11:18  Overlord  
  181  11:21  Overlord  
  181  11:22  Zerg Missile Weapons Level 3  
  178  11:25  Drone x2  
  178  11:26  Drone x4  
  179  11:43  Infestor x2  
  179  11:46  Greater Spire  
  165  11:53  Hydralisk x3  
  165  11:54  Hydralisk x10  
  132  12:01  Roach x6  
  132  12:14  Roach x4  
  133  12:23  Roach  
  133  12:24  Roach x2  
  133  12:27  Ravager  
  133  12:28  Ravager x4  
  144  12:30  Unknown  
  144  12:31  Unknown x2  
  142  12:42  Roach  
  142  12:43  Roach x4  
  152  12:53  Roach x2  
  152  12:54  Roach x3  
  154  13:06  Roach x3  
  154  13:11  Roach x7  
  135  13:13  Roach  
  135  13:18  Roach x2  
  99  13:39  Roach x2  
  99  13:40  Roach x2  
  101  13:55  Drone x5  
  106  13:58  Drone x2  
  106  13:59  Drone  
  110  14:02  Ravager  
  110  14:04  Ravager  
  110  14:07  Drone x3  
  114  14:15  Unknown x2  
  114  14:16  Unknown x2  
  114  14:27  Ravager  
  114  14:28  Roach x6  
  114  14:31  Pneumatized Carapace, Overseer  
  127  14:37  Ravager x4  
  131  14:46  Unknown  
  131  14:47  Unknown  
  131  14:57  Hatchery  
  136  15:06  Roach x6  
  148  15:09  Ravager x3  
  148  15:10  Ravager  
  148  15:12  Unknown  
  148  15:13  Overlord x3, Unknown x2  
  144  15:14  Overlord  
  144  15:19  Overlord x3  
  144  15:31  Hydralisk x8  
  144  15:33  Infestor  
  156  15:47  Hydralisk x2  
  156  15:48  Roach Warren, Hydralisk x2  
  133  16:11  Hydralisk x5  
  119  16:13  Hydralisk x4  
  119  16:18  Roach x4  
  89  16:30  Roach  
  89  16:31  Roach x5  
  99  16:34  Spawning Pool  
  98  16:40  Roach  
  98  16:41  Roach x2  
  104  16:52  Roach x2  
  104  16:53  Roach  
  110  16:54  Ravager  
  110  16:55  Ravager  
  124  17:17  Hatchery  
Show
View Real Time Build Order
Export as new Build Order

VOJ Zerg - Winner!

Build Orders: Hatch First, Lurkers 

Get SALT Encoding   

  12  0:00  Drone  
  13  0:12  Overlord  
  13  0:18  Drone  
  14  0:30  Drone  
  14  0:31  Drone  
  14  0:34  Drone  
  17  0:51  Hatchery  
  17  0:54  Drone  
  17  0:58  Drone  
  18  1:08  Extractor  
  17  1:12  Spawning Pool  
  17  1:15  Drone  
  17  1:19  Drone  
  18  1:27  Drone  
  19  1:38  Overlord  
  19  1:59  Queen  
  19  2:00  Zergling x4  
  23  2:03  Queen, Zergling x2  
  26  2:08  Metabolic Boost  
  26  2:11  Drone  
  26  2:14  Drone  
  28  2:33  Drone x3  
  31  2:43  Hatchery  
  30  2:44  Zergling x2  
  30  2:46  Overlord  
  31  2:58  Baneling Nest  
  30  2:59  Drone  
  30  3:00  Drone  
  32  3:10  Drone x3  
  34  3:17  Drone x3  
  34  3:19  Zergling x2  
  38  3:21  Zergling x2  
  39  3:27  Drone  
  39  3:32  Overlord  
  39  3:33  Zergling x2  
  41  3:35  Zergling x2  
  40  3:44  Zergling x2  
  42  3:48  Zergling x4  
  42  3:51  Baneling  
  43  3:57  Queen  
  43  3:59  Baneling  
  43  4:00  Baneling x3  
  43  4:01  Zergling x8  
  43  4:02  Zergling x4  
  51  4:08  Zergling x6  
  54  4:18  Drone x3  
  57  4:28  Roach Warren  
  55  4:31  Drone  
  55  4:32  Extractor, Drone  
  55  4:33  Overlord  
  45  4:47  Lair  
  45  4:49  Drone x7  
  45  4:50  Drone  
  45  4:51  Evolution Chamber  
  52  4:57  Extractor  
  52  4:58  Drone x2  
  52  5:00  Drone  
  52  5:01  Drone  
  52  5:02  Drone  
  52  5:05  Drone x2  
  57  5:10  Roach x2  
  61  5:19  Overlord x2  
  61  5:31  Drone  
  61  5:32  Zerg Missile Weapons Level 1, Drone  
  61  5:33  Overlord  
  60  5:39  Roach x6  
  60  5:42  Zergling x4  
  73  5:45  Glial Reconstitution  
  73  5:49  Extractor, Roach  
  74  5:52  Overseer  
  74  5:55  Drone  
  74  5:56  Drone x3  
  79  5:57  Drone  
  79  6:02  Baneling  
  79  6:03  Baneling  
  78  6:15  Drone x2  
  78  6:18  Drone x3  
  83  6:22  Overlord, Drone x3  
  86  6:25  Overlord  
  86  6:26  Unknown  
  86  6:28  Overlord  
  85  6:38  Extractor  
  85  6:39  Drone x3  
  87  6:40  Extractor  
  87  6:42  Roach x5  
  87  6:43  Roach  
  98  6:57  Drone x3  
  98  6:58  Drone x5  
  106  7:01  Overseer  
  106  7:05  Hatchery, Overlord x2  
  106  7:06  Overlord  
  104  7:19  Overlord  
  104  7:22  Hydralisk Den  
  103  7:25  Roach x9  
  103  7:26  Evolution Chamber  
  120  7:36  Overlord x2  
  120  7:43  Overlord x2  
  117  7:44  Zerg Missile Weapons Level 2  
  117  7:47  Roach x3  
  123  7:52  Roach x2  
  123  7:53  Roach x3  
  123  7:56  Roach x2  
  137  8:05  Ravager x2  
  138  8:06  Ravager x2  
  138  8:09  Roach x2  
  138  8:10  Roach x3  
  148  8:13  Zerg Ground Armor Level 1  
  148  8:16  Drone  
  148  8:17  Drone x2  
  151  8:20  Roach x2  
  151  8:23  Roach  
  157  8:27  Roach  
  157  8:28  Roach x2  
  157  8:32  Overseer  
  159  8:42  Roach x6  
  159  8:43  Roach  
  166  9:09  Overlord  
  166  9:10  Overlord  
  166  9:11  Overlord  
  166  9:12  Hatchery  
  165  9:18  Drone x3  
  165  9:19  Drone  
  167  9:25  Muscular Augments, Overlord  
  167  9:26  Overlord  
  167  9:32  Hydralisk x5  
  167  9:37  Hydralisk  
  167  9:38  Hydralisk  
  179  9:42  Hydralisk x2  
  185  9:46  Overseer  
  185  9:57  Roach x6  
  197  10:05  Roach  
  197  10:06  Unknown x2  
  199  10:10  Overlord  
  199  10:21  Overlord  
  199  10:23  Overlord x2  
  199  10:36  Unknown  
  199  10:40  Lurker Den  
  198  10:45  Pneumatized Carapace  
  198  10:51  Hydralisk  
  200  10:58  Hydralisk  
  200  11:04  Spine Crawler  
  199  11:06  Hatchery  
  199  11:07  Extractor  
  196  11:17  Hydralisk x3  
  200  11:29  Zerg Ground Armor Level 2  
  200  11:30  Infestation Pit  
  198  11:37  Drone x2  
  198  11:40  Overseer  
  187  11:50  Roach  
  161  11:54  Roach x14  
  161  11:55  Roach  
  173  12:01  Hydralisk x2  
  173  12:04  Overseer  
  177  12:12  Roach x4  
  177  12:13  Roach x4  
  191  12:22  Hydralisk  
  181  12:23  Hydralisk x3  
  181  12:26  Hive  
  181  12:29  Unknown x2  
  189  12:39  Roach x3  
  195  12:47  Ravager x4  
  189  13:11  Roach x13  
  143  13:21  Hydralisk  
  143  13:22  Hydralisk x3  
  145  13:30  Drone  
  135  13:38  Hydralisk x4  
  140  13:41  Drone  
  140  13:42  Drone x2  
  140  13:47  Lurker  
  138  13:50  Lurker  
  138  13:51  Roach x9  
  151  13:57  Lurker  
  151  13:58  Lurker x2  
  151  14:00  Drone  
  151  14:01  Extractor  
  151  14:02  Zerg Missile Weapons Level 3  
  154  14:09  Spine Crawler, Drone x2  
  155  14:10  Spore Crawler  
  155  14:16  Spine Crawler  
  153  14:20  Drone x2  
  155  14:25  Hydralisk x5  
  165  14:43  Hydralisk x4  
  165  14:44  Hydralisk  
  175  14:48  Drone x3  
  179  14:52  Drone  
  179  14:53  Drone  
  180  15:03  Lurker x2  
  180  15:04  Lurker  
  183  15:24  Hydralisk x6  
  183  15:25  Hydralisk x2  
  199  15:49  Hydralisk  
  199  15:54  Spire  
  185  16:16  Hydralisk  
  185  16:17  Hydralisk x13  
  168  16:34  Drone  
  168  16:35  Drone x2  
  171  16:45  Lurker x5  
  171  16:46  Lurker x2  
  174  16:50  Roach x7  
  188  17:12  Hatchery  
Tags
 
Add a new tag
Caveats
  • Supply blocks, unpowered buildings, or Contaminate may cause inaccurate times.
  • Supply counts are checked every 10 seconds.